AoeStats
← Pwncakes

Lombardia

509205663Analyzed
4v4 RM · 6d ago on Sep 25, 2026· 17m 21s· 8 players
Game mode
Random Map
Map size
Large (8 player)
Population
200
Speed
Normal
Resources
Standard
Victory
Conquest
Starting age
Dark Age
Ending age
Imperial Age
RankedLock teamsTeams togetherTeam positionsShared explorationLock speedFull tech treeHidden civsTurbo modeCheats
Victory
Defeat
🇫🇷 Spanish · France
1594
+10
🇮🇪 Slavs · Ireland
1577
+11
🇹🇷 Varangians · Türkiye
1535
+12
🇺🇸 Magyars · United States
1290
+50
🇵🇪 Bengalis · Peru
1481
-15
🇺🇸 Shu · United States
1450
-14
🇹🇼 Poles · Taiwan
1426
-13
🇹🇷 Bulgarians · Türkiye
1423
-13
Pwncakes
10:19 Feudal Age
12:13 Double-Bit Axe
15:10 Castle Age
14:07 Gold Mining
14:03 Horse Collar
14:57 Scale Mail Armor
16:37 Bow Saw
monster
2:25 Loom
3:34 Loom
11:24 Feudal Age
16:12 Castle Age
14:33 Double-Bit Axe
15:24 Horse Collar
17:55 Wheelbarrow
ACN_Mk
8:42 Loom
10:31 Feudal Age
11:35 Double-Bit Axe
11:31 Horse Collar
my60703
13:18 Feudal Age
14:53 Double-Bit Axe
17:45 Castle Age
15:49 Horse Collar
letshavefun
6:03 Loom
6:43 Loom
8:57 Feudal Age
9:53 Double-Bit Axe
10:38 Horse Collar
18:42 Castle Age
Koti
9:12 Loom
10:57 Feudal Age
12:39 Double-Bit Axe
13:33 Horse Collar
16:30 Castle Age
17:25 Bow Saw
Madbun
5:29 Loom
12:49 Feudal Age
17:05 Castle Age
14:59 Double-Bit Axe
15:33 Horse Collar
16:34 Wheelbarrow
LonzoWall
7:19 Loom
9:40 Feudal Age
10:31 Double-Bit Axe
11:21 Bloodlines
11:34 Horse Collar
19:17 Castle Age
Connection lost

Rejoining the realm…

Still unreachable

The connection could not be restored.

Session expired

The server has moved on; the page needs a fresh start.